 Dungeon Crawl Stone Soup version 0.31-a0-358-gac0dbeb3ab (webtiles) character file.

Game seed: 341189180215924263

21 Maedhros the Charlatan (level 2, 0/18 HPs)
             Began as an Octopode Artificer on July 25, 2023.
             Constricted to death by a ball python (1 damage)
             ... on level 1 of the Dungeon.
             The game lasted 00:00:30 (407 turns).

Maedhros the Charlatan (Octopode Artificer)          Turns: 407, Time: 00:00:31

Health: 0/18       AC:  1    Str: 11    XL:     2   Next: 83%
Magic:  2/2        EV:  9    Int: 13    God:
Gold:   40         SH:  6    Dex: 12    Spells: 1/1 levels left

rFire   . .          .
                       - Unarmed
rCold   . . .        a - +2 buckler
rNeg    . . .        (helmet restricted)
rPois   .            (no amulet)
rElec   .            (no ring)
rCorr   .            (no ring)
SInv    .            (no ring)
Will    .....        (no ring)
Stlth   +++          (no ring)
HPRegen 0.23/turn    (no ring)
MPRegen 0.08/turn    (no ring)
                     (no ring)

%: no passive effects
@: constricted
A: almost no armour, amphibious, 8 rings, camouflage 1, gelatinous body 1,
(nimble swimmer 1), tentacles
a: no special abilities


You were on level 1 of the Dungeon.
You visited 1 branch of the dungeon, and saw 1 of its levels.

You collected 40 gold pieces.

Inventory:

Armour
 a - a +2 buckler (worn)
Wands
 b - a wand of flame (15) (quivered)
 c - a wand of charming (15)
 d - a wand of iceblast (5)


   Skills:
 - Level 1.0 Fighting
 - Level 2.3 Dodging
 - Level 1.3 Stealth
 + Level 0.7 Shields
 * Level 2.1 Unarmed Combat
 - Level 3.2 Evocations


You had one spell level left.
You didn't know any spells.
Your spell library contained the following spells:

 Spells                   Type           Power      Damage    Failure   Level
 Call Canine Familiar     Summ           0%         N/A       80%         3
 Portal Projectile        Hex/Tloc       0%         N/A       80%         3
 Leda's Liquefaction      Hex/Erth       0%         N/A       99%         4


Dungeon Overview and Level Annotations

Branches:
Dungeon (1/15)

Altars:


Innate Abilities, Weirdness & Mutations

You cannot wear most types of armour.
You are amphibious.
You can wear up to eight rings at the same time.
Your skin changes colour to match your surroundings (Stealth+).
Your rubbery body absorbs attacks. (AC +1, EV +1)
((You are camouflaged when in or above water. (Stealth+)))
You have tentacles for arms and can constrict up to eight enemies at once.


Message History

You kill the giant cockroach!
The quokka barely misses you. The quokka closely misses you.
The goblin barely misses you.
You tentacle-slap the goblin. Your grab misses the goblin.
Your squeeze misses the goblin.
The goblin is moderately wounded.
You block the quokka's attack. The goblin hits you with a +0 club.
You tentacle-slap the quokka but do no damage.
Your grab misses the quokka. You block the quokka's attack.
The goblin hits you with a +0 club.
You tentacle-slap the goblin. You grab the goblin.
The goblin is heavily wounded.
You constrict the goblin. The quokka completely misses you.
The goblin hits you with a +0 club.
Unknown command.
You are too injured to fight recklessly!
You completely miss the goblin.
The goblin is severely wounded.
You constrict the goblin.
You kill the goblin!
The quokka barely misses you. The quokka misses you.
Unknown command.
You barely miss the ball python. Your grab misses the ball python.
The ball python closely misses you. You block the ball python's attack.
The quokka bites you.
You are too injured to fight recklessly!
Unknown command.
You tentacle-slap the ball python. Your grab misses the ball python.
The ball python is heavily wounded.
The ball python bites you. The ball python barely misses you.
You block the quokka's attack.
You are too injured to fight recklessly!
You closely miss the ball python. Your grab misses the ball python.
The ball python is heavily wounded.
The ball python barely misses you. x2; The quokka bites you.
* * * LOW HITPOINT WARNING * * *
The ball python bites you.
* * * LOW HITPOINT WARNING * * *
The ball python grabs you. The ball python constricts you.
You die...

..# # #### ### ## # #. # #
#. [. .# r###.###.# !
?.....# ### # #. .....##
... #.##.##S#...## ## .#
#.....r@.....##
###.######.#...........###
........##................
###..... ..............#
##...... .##.#.##.$...##..
...# #.. .....###........
#†.# #.#............###..
#..# #.####.........#
#..####.# #########.#


You could see a quokka and a ball python.

Vanquished Creatures
  A bat (D:1)
  2 endoplasms (D:1)
  A giant cockroach (D:1)
  3 goblins (D:1)
  3 hobgoblins (D:1)
  2 kobolds (D:1)
  2 ball pythons (D:1)
  A frilled lizard (D:1)
  2 rats (D:1)
  A spectral hobgoblin (D:1)
18 creatures vanquished.

Notes
Turn   | Place    | Note
-------+----------+-------------------------------------------
     0 | D:1      | Maedhros the Octopode Artificer began the quest for the
                  | Orb.
     0 | D:1      | Reached XP level 1. HP: 13/13 MP: 1/1
    84 | D:1      | Found a faded altar of an unknown god.
   151 | D:1      | Reached skill level 1 in Unarmed Combat
   187 | D:1      | Reached XP level 2. HP: 15/18 MP: 2/2
   407 | D:1      | Constricted to death by a ball python

Illustrated notes

Levels and vault maps discovered:
D:1:      minmay_arrival_floating_metal, layout_loops_ring,
          dreamdust_ecumenical_altar_drowned_temple, st_stairs_3, minmay_tall_x

Skill      XL: |  1  2 |
---------------+-------+-----
Unarmed Combat | 1 2 |  2.1
Fighting       | |  1.0
Dodging        | |  2.3
Stealth        | |  1.3
Shields        | |  0.7
Evocations     | |  3.2

Action                     || total
---------------------------++-------
  Melee: Unarmed           ||    54
         Constrict         ||    13
         Tentacles         ||     5
         Punch             ||     2
   Stab: Sleeping          ||     5
 Armour: Skin              ||     1
  Dodge: Dodged            ||    31
  Block: Buckler           ||    16

Table legend: (Time is in decaauts)
 A = Elapsed time spent in this place.
 B = Non-inter-level travel time spent in this place.
 C = Inter-level travel time spent in this place.
 D = Time resting spent in this place.
 E = Time spent auto-exploring this place.
 F = Levels seen in this place.
 G = Mean time per level.
                   A        B        C        D        E       F      G
               +--------+--------+--------+--------+--------+-----+--------+
         Total |    408 |    408 |      0 |      0 |    274 |   1 |  408.0 |
       Dungeon |    408 |    408 |      0 |      0 |    274 |   1 |  408.0 |
               +--------+--------+--------+--------+--------+-----+--------+

Top non-repeatable levels by time:
     D:1: 408 daAuts
